 Dungeon Sprint DCSS version 0.30-a0-465-g8901f6c8b5 (webtiles) character file.

Game seed: 15470476997264896367

8400000 NinjaNoafa the Ninja (level 27, -2/224 HPs)
             Began as an Octopode Monk on Dec 19, 2022.
             Was the Champion of Makhleb.
             Killed by divine providence
             ... invoked by an accursed
              (10 damage)
             ... in the Dungeon (Sprint VIII: "Arena of Blood").
             The game lasted 00:03:17 (84 turns).

NinjaNoafa the Ninja (Octopode Monk)                  Turns: 84, Time: 00:03:17

Health: -2/224     AC:  1    Str: 12    XL:     27
Magic:  32/49      EV: 40    Int: 13    God:    Makhleb [******]
Gold:   0          SH:  0    Dex: 26    Spells: 71/71 levels left

rFire   . . .      SeeInvis .    i - +∞ Axe of Woe
rCold   . . .      Faith    .    (shield currently unavailable)
rNeg    . . .      Spirit   .    (helmet restricted)
rPois   .          Reflect  .    (no amulet)
rElec   .          Harm     .    j - +30 ring of slaying
rCorr   .          Rampage  .    k - +30 ring of slaying
Will    ++...      NoTele   +    l - +30 ring of slaying
Stlth   +++++.....               m - +30 ring of slaying
HPRegen 0.57/turn                n - +30 ring of slaying
MPRegen 0.31/turn                (no ring)
                                 (no ring)
                                 (no ring)

@: confused, ambrosia-drunk
A: almost no armour, amphibious, 8 rings, camouflage 1, gelatinous body 1,
(nimble swimmer 1), tentacles
a: Renounce Religion, Minor Destruction, Lesser Servant of Makhleb, Major
Destruction, Greater Servant of Makhleb


You were in the Dungeon.
You worshipped Makhleb.
Makhleb was exalted by your worship.
You visited 1 branch

Inventory:

Hand Weapons
 a - a +0 hand axe
 i - the +∞ Axe of Woe (weapon)
   (You found it in the Dungeon)
Jewellery
 j - a +30 ring of slaying (left tentacle)
 k - a +30 ring of slaying (right tentacle)
 l - a +30 ring of slaying (on tentacle)
 m - a +30 ring of slaying (on tentacle)
 n - a +30 ring of slaying (on tentacle)
Potions
 c - a potion of curing
 e - a potion of haste
 f - 2 potions of magic
 g - a potion of berserk rage


   Skills:
 O Level 27 Fighting
 + Level 24.6(27) Short Blades
 + Level 22.6(26.8) Long Blades
 O Level 27 Axes
 + Level 22.6(27) Maces & Flails
 + Level 22.6(27) Polearms
 + Level 22.6(27) Staves
 + Level 22.6 Ranged Weapons
 + Level 24.6 Throwing
 O Level 27 Dodging
 O Level 27 Stealth
 + Level 24.6 Shields
 O Level 27 Unarmed Combat
 + Level 22.8 Spellcasting
 + Level 24.6 Conjurations
 + Level 24.6 Hexes
 + Level 24.6 Summonings
 + Level 24.6 Necromancy
 + Level 24.6 Translocations
 + Level 24.6 Transmutations
 + Level 24.6 Fire Magic
 + Level 24.6 Ice Magic
 + Level 24.6 Air Magic
 + Level 24.6 Earth Magic
 O Level 27 Poison Magic
 O Level 27 Invocations
 + Level 26.5 Evocations


You had 71 spell levels left.
You didn't know any spells.
Your spell library was empty.

Dungeon Overview and Level Annotations

Branches:
Dungeon (1/1)

Altars:
Makhleb

Annotations:
D The Servant


Innate Abilities, Weirdness & Mutations

You cannot wear most types of armour.
You are amphibious.
You can wear up to eight rings at the same time.
Your skin changes colour to match your surroundings (Stealth+).
Your rubbery body absorbs attacks. (AC +1, EV +1)
((You are camouflaged when in or above water. (Stealth+)))
You have tentacles for arms and can constrict up to eight enemies at once.


Message History

The meat beast bellows, "Embrace thy failure, thou tasty luncheon!"
A bag of meat comes into view. It is wielding a +9 war axe.
The bag of meat moves out of view.
You hear a shout!
The large bag of meat shouts in stereo!
The bag of meat shouts! x2; You hear two shouts!
The destroyer shouts!
Okay, then.
A demon appears!
The eight-headed meat hydra appears out of thin air!
An eight-headed meat hydra comes into view.
The bag of meat shouts! x4; The meat beast trumpets!
The bag of meat shouts! x2
The eight-headed meat hydra roars!
The meat berserker is engulfed in blazing flames.
The meat beast is engulfed in blazing flames.
You hear a shout! x7
A bag of meat comes into view. It is wielding a +9 war axe.
The large bag of meat is engulfed in blazing flames.
A destroyer comes into view. It is wielding a +9 vorpal great sword.
You hear a shout! x6
You are confused.
You feel invigorated.
The destroyer shouts!
The bag of meat shouts! x2
The meat beast howls, "Accept thy fall, thou churlish pigeon-egg tiddler!"
The meat berserker rages.
You hear a shout!
The meat berserker is engulfed in blazing flames.
A dread comes into view.
You hear a shout!
The meat berserker rages.
You hear a shout!
A bag of meat comes into view. It is wielding a +9 war axe.
The meat berserker rages.
You hear a shout!
A bag of meat comes into view. It is wielding a +9 war axe.
The destroyer gestures at you while chanting.
The destroyer blinks!
A bag of meat comes into view. It is wielding a +9 war axe.
You hear a shout!
The accursed points at you and mumbles some strange words.
Something smites you!
You die... #. ..oo.# #.. o.oM#

...oo... .###..
°O☼###..V...
..o.o.###o)O......o. #
.o.{.._.§O§.o..... D.
...#..))°#.O2....# #..
#_.<§§#....... ..
#..).)#....o.#.#.#OV
......_..o@....@.OoOoO.
......###...O..3.o#.#.#o
.###.. ..W###..§..o #..
...#.o......Vo #.
...#......V.oooo ..
....o........oo.M
......#...#.O.o
.....#....#..W.


You could see 2 accurseds, a meat beast (fast), The Servant, an eight-headed
meat hydra, 4 destroyers, 3 large bags of meat, 2 dreads, 7 meat berserkers, 23
bags of meat and a friendly ynoxinul (summoned).

Vanquished Creatures
  6 hell beasts (D)
  A royal mummy (D)
  4 wraiths (D)
  7 vampire knights (D)
  17 ogres (D)
  2 two-headed ogres (D)
  3 liches (D)
  A hydra (D)
  33 orcs (D)
  6 skeletal warriors (D)
80 creatures vanquished.

Notes
Turn   | Place    | Note
-------+----------+-------------------------------------------
     0 | D        | Found the +∞ Axe of Woe
     0 | D        | NinjaNoafa the Octopode Monk began the quest for the Orb.
     0 | D        | Reached XP level 1. HP: 16/16 MP: 1/1
     0 | D        | Noticed a bag of meat
     1 | D        | Noticed a bag of meat
     5 | D        | Killed a bag of meat
     5 | D        | Noticed a meat berserker
     5 | D        | Noticed a meat berserker
     6 | D        | Reached XP level 2. HP: 36/36 MP: 2/2
     6 | D        | Reached XP level 3. HP: 41/41 MP: 3/3
     6 | D        | Reached XP level 4. HP: 47/47 MP: 4/4
     6 | D        | Reached XP level 5. HP: 53/53 MP: 5/5
     6 | D        | Reached XP level 6. HP: 59/59 MP: 6/6
     6 | D        | Reached XP level 7. HP: 64/64 MP: 7/7
     6 | D        | Reached XP level 8. HP: 71/71 MP: 8/8
     6 | D        | Reached XP level 9. HP: 76/76 MP: 9/9
     6 | D        | Reached XP level 10. HP: 82/82 MP: 10/10
     6 | D        | Reached XP level 11. HP: 88/88 MP: 11/11
     7 | D        | Became a worshipper of Makhleb the Destroyer
     7 | D        | Reached * piety under Makhleb
     7 | D        | Reached ** piety under Makhleb
     7 | D        | Noticed a meat berserker
     7 | D        | Noticed a bag of meat
     8 | D        | Killed a meat berserker
     9 | D        | Reached XP level 12. HP: 101/101 MP: 12/12
     9 | D        | Killed a meat berserker
    10 | D        | Reached XP level 13. HP: 111/111 MP: 13/13
    10 | D        | Noticed a bag of meat
    10 | D        | Killed a bag of meat
    11 | D        | Reached XP level 14. HP: 119/119 MP: 14/14
    11 | D        | Killed a meat berserker
    11 | D        | Reached *** piety under Makhleb
    11 | D        | Noticed a bag of meat
    11 | D        | Noticed a bag of meat
    12 | D        | Reached skill level 27 in Stealth
    12 | D        | Noticed a meat berserker
    12 | D        | Noticed a meat berserker
    12 | D        | Noticed a bag of meat
    12 | D        | Noticed a bag of meat
    13 | D        | Noticed a bag of meat
    13 | D        | Noticed a bag of meat
    13 | D        | Noticed a bag of meat
    14 | D        | Killed a bag of meat
    14 | D        | Killed a bag of meat
    14 | D        | Noticed a bag of meat
    14 | D        | Noticed a bag of meat
    15 | D        | Reached XP level 15. HP: 133/133 MP: 15/15
    15 | D        | Killed a meat berserker
    15 | D        | Reached **** piety under Makhleb
    17 | D        | Reached skill level 10 in Invocations
    17 | D        | Killed a meat berserker
    18 | D        | Reached XP level 16. HP: 130/144 MP: 15/25
    18 | D        | Reached ***** piety under Makhleb
    21 | D        | Reached skill level 15 in Invocations
    21 | D        | Noticed a meat berserker
    22 | D        | Noticed a large bag of meat
    26 | D        | Noticed a destroyer
    28 | D        | Reached XP level 17. HP: 155/155 MP: 17/29
    28 | D        | Killed a meat berserker
    28 | D        | Noticed an eight-headed meat hydra
    29 | D        | Reached skill level 27 in Fighting
    29 | D        | Reached skill level 27 in Axes
    29 | D        | Reached skill level 27 in Dodging
    31 | D        | Noticed a sculptor of flesh
    31 | D        | Noticed a destroyer
    33 | D        | Killed a destroyer
    34 | D        | Reached ****** piety under Makhleb
    35 | D        | Reached skill level 27 in Invocations
    35 | D        | Noticed a meat berserker
    36 | D        | Noticed a meat berserker
    37 | D        | Reached XP level 18. HP: 163/163 MP: 18/35
    38 | D        | Noticed a sculptor of flesh
    39 | D        | Noticed a sculptor of flesh
    40 | D        | Noticed a sculptor of flesh
    42 | D        | Killed a meat berserker
    42 | D        | Killed a destroyer
    42 | D        | Noticed a meat berserker
    43 | D        | Reached skill level 27 in Unarmed Combat
    43 | D        | Killed a meat berserker
    43 | D        | Killed a sculptor of flesh
    44 | D        | Reached XP level 19. HP: 74/170 MP: 19/36
    44 | D        | Noticed a tyrant
    46 | D        | Noticed a tyrant
    46 | D        | Killed a sculptor of flesh
    47 | D        | Reached skill level 5 in Poison Magic
    47 | D        | Noticed a tyrant
    48 | D        | Killed a meat berserker
    48 | D        | Noticed a meat berserker
    49 | D        | Reached skill level 5 in Evocations
    49 | D        | Killed a sculptor of flesh
    50 | D        | Reached skill level 5 in Short Blades
    50 | D        | Reached skill level 5 in Throwing
    50 | D        | Reached skill level 5 in Shields
    50 | D        | Reached skill level 5 in Spellcasting
    50 | D        | Reached skill level 5 in Conjurations
    50 | D        | Reached skill level 5 in Hexes
    50 | D        | Reached skill level 5 in Summonings
    50 | D        | Reached skill level 5 in Necromancy
    50 | D        | Reached skill level 5 in Translocations
    50 | D        | Reached skill level 5 in Transmutations
    50 | D        | Reached skill level 5 in Fire Magic
    50 | D        | Reached skill level 5 in Ice Magic
    50 | D        | Reached skill level 5 in Air Magic
    50 | D        | Reached skill level 5 in Earth Magic
    50 | D        | Killed a nine-headed meat hydra
    50 | D        | Killed a sculptor of flesh
    50 | D        | Killed a meat berserker
    51 | D        | Noticed a tentacled monstrosity
    51 | D        | Noticed a tentacled monstrosity
    51 | D        | Noticed a sculptor of flesh
    51 | D        | Noticed a meat berserker
    52 | D        | Killed a tyrant
    53 | D        | Reached XP level 20. HP: 175/177 MP: 21/37
    53 | D        | Noticed an accursed
    53 | D        | Noticed a meat berserker
    55 | D        | Reached skill level 10 in Poison Magic
    56 | D        | Killed a tyrant
    56 | D        | Killed a tyrant
    57 | D        | Reached skill level 10 in Short Blades
    57 | D        | Reached skill level 10 in Throwing
    57 | D        | Reached skill level 10 in Shields
    57 | D        | Reached skill level 10 in Conjurations
    57 | D        | Reached skill level 10 in Hexes
    57 | D        | Reached skill level 10 in Summonings
    57 | D        | Reached skill level 10 in Necromancy
    57 | D        | Reached skill level 10 in Translocations
    57 | D        | Reached skill level 10 in Transmutations
    57 | D        | Reached skill level 10 in Fire Magic
    57 | D        | Reached skill level 10 in Ice Magic
    57 | D        | Reached skill level 10 in Air Magic
    57 | D        | Reached skill level 10 in Earth Magic
    57 | D        | Noticed a meat berserker
    59 | D        | Killed a meat berserker
    60 | D        | Reached XP level 21. HP: 171/183 MP: 22/38
    60 | D        | Killed a meat berserker
    60 | D        | Noticed a meat beast
    61 | D        | Reached skill level 10 in Long Blades
    61 | D        | Reached skill level 10 in Maces & Flails
    61 | D        | Reached skill level 10 in Polearms
    61 | D        | Reached skill level 10 in Staves
    61 | D        | Reached skill level 10 in Ranged Weapons
    61 | D        | Reached skill level 10 in Spellcasting
    63 | D        | Noticed a destroyer
    64 | D        | Killed a meat berserker
    65 | D        | Killed a meat beast
    66 | D        | Reached skill level 15 in Evocations
    66 | D        | Reached XP level 22. HP: 190/190 MP: 24/39
    66 | D        | Noticed a meat beast
    68 | D        | Noticed a destroyer
    68 | D        | Noticed a dread
    69 | D        | Noticed a meat beast
    69 | D        | Noticed a large bag of meat
    69 | D        | Noticed an accursed
    70 | D        | Noticed a dread
    70 | D        | Killed a meat beast
    70 | D        | Noticed a large bag of meat
    70 | D        | Noticed a destroyer
    71 | D        | Reached skill level 15 in Short Blades
    71 | D        | Reached skill level 15 in Throwing
    71 | D        | Reached skill level 15 in Shields
    71 | D        | Reached skill level 15 in Conjurations
    71 | D        | Reached skill level 15 in Hexes
    71 | D        | Reached skill level 15 in Summonings
    71 | D        | Reached skill level 15 in Necromancy
    71 | D        | Reached skill level 15 in Translocations
    71 | D        | Reached skill level 15 in Transmutations
    71 | D        | Reached skill level 15 in Fire Magic
    71 | D        | Reached skill level 15 in Ice Magic
    71 | D        | Reached skill level 15 in Air Magic
    71 | D        | Reached skill level 15 in Earth Magic
    71 | D        | Reached XP level 23. HP: 150/197 MP: 25/41
    71 | D        | Noticed a meat beast
    71 | D        | Noticed a dread
    72 | D        | Reached skill level 15 in Spellcasting
    72 | D        | Killed a destroyer
    72 | D        | Noticed a meat beast
    73 | D        | Reached skill level 15 in Long Blades
    73 | D        | Reached skill level 15 in Maces & Flails
    73 | D        | Reached skill level 15 in Polearms
    73 | D        | Reached skill level 15 in Staves
    73 | D        | Reached skill level 15 in Ranged Weapons
    73 | D        | Noticed a destroyer
    73 | D        | Killed a meat beast
    73 | D        | Killed a destroyer
    73 | D        | Noticed a large bag of meat
    74 | D        | Reached XP level 24. HP: 197/204 MP: 25/43
    75 | D        | Noticed a large bag of meat
    75 | D        | Noticed a meat beast
    75 | D        | Noticed a dread
    75 | D        | Noticed The Servant
    75 | D        | Noticed a destroyer
    75 | D        | Noticed a dread
    76 | D        | Killed a meat beast
    77 | D        | Reached XP level 25. HP: 101/210 MP: 26/45
    77 | D        | Killed a meat beast
    77 | D        | Killed a large bag of meat
    77 | D        | Killed a dread
    77 | D        | Noticed a meat beast
    77 | D        | Noticed an accursed
    78 | D        | Reached XP level 26. HP: 140/217 MP: 26/46
    78 | D        | Killed a destroyer
    78 | D        | Killed a destroyer
    78 | D        | Killed a dread
    79 | D        | Killed a large bag of meat
    79 | D        | Killed a destroyer
    79 | D        | Killed a meat beast
    80 | D        | Reached skill level 27 in Poison Magic
    80 | D        | Reached XP level 27. HP: 187/224 MP: 27/48
    80 | D        | Killed an accursed
    80 | D        | Killed a dread
    80 | D        | Killed a dread
    82 | D        | Noticed a destroyer
    82 | D        | Noticed a large bag of meat
    82 | D        | Noticed a destroyer
    82 | D        | Noticed an accursed
    82 | D        | Noticed a meat beast
    82 | D        | HP: 7/224 [accursed/divine providence (11)]
    83 | D        | Noticed a destroyer
    84 | D        | Noticed a destroyer
    84 | D        | Noticed a dread
    84 | D        | Killed from afar by an accursed

Illustrated notes

Levels and vault maps discovered:
D:        meatsprint

Skill      XL: |  1  2  3  4  5  6  7  8  9 10 11 12 13 14 15 16 17 18 19 20 21 22 23 24 25 26 27 |
---------------+----------------------------------------------------------------------------------+-----
Fighting       | 13 16 18 19 22 24 26 27 | 27.0
Axes           | 13 16 18 19 22 24 26 27 | 27.0
Dodging        | 13 16 18 19 22 24 26 27 | 27.0
Stealth        | 18 22 25 26 27 | 27.0
Invocations    | 13 17 27 | 27.0
Unarmed Combat | 17 27 | 27.0
Short Blades   | 3 7 10 13 15 18 19 21 23 24 | 24.6
Long Blades    | 3 6 9 12 14 16 17 19 21 22 | 22.6
Maces & Flails | 3 6 9 12 14 16 17 19 21 22 | 22.6
Polearms       | 3 6 9 12 14 16 17 19 21 22 | 22.6
Staves         | 3 6 9 12 14 16 17 19 21 22 | 22.6
Ranged Weapons | 3 6 9 12 14 16 17 19 21 22 | 22.6
Throwing       | 3 7 10 13 15 18 19 21 23 24 | 24.6
Shields        | 3 7 10 13 15 18 19 21 23 24 | 24.6
Spellcasting   | 3 7 9 12 14 16 18 19 21 22 | 22.8
Conjurations   | 3 7 10 13 15 18 19 21 23 24 | 24.6
Hexes          | 3 7 10 13 15 18 19 21 23 24 | 24.6
Summonings     | 3 7 10 13 15 18 19 21 23 24 | 24.6
Necromancy     | 3 7 10 13 15 18 19 21 23 24 | 24.6
Translocations | 3 7 10 13 15 18 19 21 23 24 | 24.6
Transmutations | 3 7 10 13 15 18 19 21 23 24 | 24.6
Fire Magic     | 3 7 10 13 15 18 19 21 23 24 | 24.6
Ice Magic      | 3 7 10 13 15 18 19 21 23 24 | 24.6
Air Magic      | 3 7 10 13 15 18 19 21 23 24 | 24.6
Earth Magic    | 3 7 10 13 15 18 19 21 23 24 | 24.6
Poison Magic   | 4 9 12 16 18 21 23 24 27 | 27.0
Evocations     | 4 8 11 15 17 19 21 22 25 26 | 26.5

Action                   |  1- 3 |  4- 6 |  7- 9 | 10-12 | 13-15 | 16-18 | 19-21 | 22-24 | 25-27 || total
-------------------------+-------+-------+-------+-------+-------+-------+-------+-------+-------++-------
Melee: Executioner's axe |     1 |       |       |     2 |     6 |    13 |    13 |     7 |     5 ||    47
Invok: Greater Servant o |       |       |       |       |       |       |     3 |     1 |       ||     4
       Lesser Servant of |       |       |       |       |       |       |     2 |       |     1 ||     3
       Major Destruction |       |       |       |       |       |       |     1 |     2 |       ||     3
  Use: Potion            |       |       |       |       |       |     1 |       |       |     1 ||     2
       Scroll            |       |       |       |       |       |       |       |       |     1 ||     1
 Stab: Confused          |       |       |       |       |       |       |       |     1 |       ||     1
Dodge: Dodged            |       |       |       |     1 |       |       |     2 |     3 |       ||     6

Table legend: (Time is in decaauts)
 A = Elapsed time spent in this place.
 B = Non-inter-level travel time spent in this place.
 C = Inter-level travel time spent in this place.
 D = Time resting spent in this place.
 E = Time spent auto-exploring this place.
 F = Levels seen in this place.
 G = Mean time per level.
                   A        B        C        D        E       F      G
               +--------+--------+--------+--------+--------+-----+--------+
         Total |     69 |     69 |      0 |      0 |      0 |   1 |   69.0 |
       Dungeon |     69 |     69 |      0 |      0 |      0 |   1 |   69.0 |
               +--------+--------+--------+--------+--------+-----+--------+

Top non-repeatable levels by time:
       D: 69 daAuts
